 Dungeon Crawl Stone Soup version 0.28-a0-1506-g3893175d92 (webtiles) character file.

Game seed: 14321321291130481923

16 tetreaultl the Shield-Bearer (level 2, -1/29 HPs)
             Began as a Troll Fighter on Jan 13, 2022.
             Slain by a quokka (4 damage)
             ... on level 2 of the Dungeon.
             The game lasted 00:01:40 (623 turns).

tetreaultl the Shield-Bearer (Troll Fighter)         Turns: 623, Time: 00:01:41

Health: -1/29      AC:  4    Str: 23    XL:     2   Next: 37%
Magic:  1/1        EV:  8    Int:  4    God:
Gold:   62         SH:  7    Dex:  9    Spells: 1/1 levels left

rFire   . . .      SeeInvis .   a - +0 flail
rCold   . . .      Faith    .   c - +0 kite shield
rNeg    . . .      Spirit   .   b - +0 robe
rPois   .          Reflect  .   (helmet restricted)
rElec   .          Harm     .   (no cloak)
rCorr   .          Rampage  .   (gloves unavailable)
Will    .....                   (boots unavailable)
Stlth   +.........              (no amulet)
HPRegen 0.89/turn               (no ring)
MPRegen 0.07/turn               (no ring)

@: mighty
A: large, unfitting armour, claws 3, regeneration 1, shaggy fur 1, tough skin 1
a: no special abilities


You were on level 2 of the Dungeon.
You visited 1 branch of the dungeon, and saw 2 of its levels.

You collected 62 gold pieces.

Inventory:

Hand Weapons
 a - a +0 flail (weapon)
Armour
 b - a +0 robe (worn)
 c - a +0 kite shield (worn)
Scrolls
 e - 2 scrolls of identify {unknown}
 g - a scroll of teleportation {unknown}
 h - a scroll of blinking {unknown}
Potions
 f - a potion of lignification {unknown}


   Skills:
 + Level 2.5 Fighting
 + Level 1.8 Maces & Flails
 + Level 2.7 Dodging
 + Level 2.7 Shields


You had one spell level left.
You didn't know any spells.
Your spell library contained the following spells:

 Spells                   Type           Power      Damage    Failure   Level
 Summon Small Mammal      Summ           0%         N/A       80%         1
 Call Canine Familiar     Summ           0%         N/A       99%         3
 Summon Guardian Golem    Hex/Summ       0%         N/A       99%         3


Dungeon Overview and Level Annotations

Branches:
Dungeon (2/15)

Altars:

Shops:
D:1 *


Innate Abilities, Weirdness & Mutations

You are too large for most types of armour.
You have claws for hands.
Your natural rate of healing is unusually fast.
You are covered in fur. (AC +1)
You have tough skin. (AC +1)


Message History

The quokka bites you but does no damage.
The quokka barely misses you.
You barely miss the quokka. The quokka bites you.
The quokka bites you but does no damage.
You block the kobold's attack. The hobgoblin completely misses you.
The quokka misses you. The quokka barely misses you.
You miss the quokka. You block the kobold's attack.
The hobgoblin hits you but does no damage.
The quokka bites you.
The quokka bites you but does no damage.
The hobgoblin hits you but does no damage.
The kobold hits you but does no damage.
You hit the quokka.
The quokka is severely wounded.
The quokka bites you. The quokka completely misses you.
The hobgoblin hits you but does no damage.
The kobold hits you but does no damage. You block the quokka's attack.
The quokka barely misses you.
You closely miss the quokka.
The quokka is severely wounded.
The quokka bites you but does no damage.
You block the quokka's attack. You block the kobold's attack.
You block the hobgoblin's attack. The quokka closely misses you.
The quokka bites you.
* * * LOW HITPOINT WARNING * * *
The hobgoblin hits you.
* * * LOW HITPOINT WARNING * * *
The kobold hits you with a +0 short sword.
* * * LOW HITPOINT WARNING * * *
You feel very mighty all of a sudden.
You block the quokka's attack. x2; The hobgoblin closely misses you.
The kobold hits you with a +0 short sword.
* * * LOW HITPOINT WARNING * * *
You thump the quokka!
You kill the quokka!
The quokka barely misses you.
The hobgoblin hits you but does no damage.
You block the kobold's attack. You block the jackal's attack.
The quokka bites you.
You die...

####
#####...#
.....#.##
#.K.....#
#@rb....#
#hg.....#
#..........#
####........
.(.......
#.......#
##..#....
....###
#..##


You could see a quokka, a jackal, a hobgoblin, a bat and a kobold.

Vanquished Creatures
  2 goblins (D:1)
  2 hobgoblins (D:1)
  3 quokkas
  5 ball pythons (D:1)
  A bat (D:1)
  A kobold (D:1)
  2 rats (D:1)
16 creatures vanquished.

Notes
Turn   | Place    | Note
-------+----------+-------------------------------------------
     0 | D:1      | tetreaultl the Troll Fighter began the quest for the Orb.
     0 | D:1      | Reached XP level 1. HP: 22/22 MP: 0/0
    25 | D:1      | Found Gebink's Assorted Antiques.
   136 | D:1      | Found a faded altar of an unknown god.
   149 | D:1      | Reached XP level 2. HP: 29/29 MP: 1/1
   622 | D:2      | HP: 1/29 [kobold (2)]
   623 | D:2      | Slain by a quokka

Illustrated notes

Levels and vault maps discovered:
D:1:      onia_arrival_mini_spirals, layout_loops_ring, serial_shops, shop,
          dreamdust_ecumenical_altar_statues
D:2:      layout_loops_ring, uniq_natasha

Action                   || total
-------------------------++-------
Melee: Flail             ||    60
  Use: Potion            ||     1
 Stab: Sleeping          ||     1
Armor: Robe              ||    41
Dodge: Dodged            ||    31
Block: Kite shield       ||    37

Table legend: (Time is in decaauts)
 A = Elapsed time spent in this place.
 B = Non-inter-level travel time spent in this place.
 C = Inter-level travel time spent in this place.
 D = Time resting spent in this place.
 E = Time spent auto-exploring this place.
 F = Levels seen in this place.
 G = Mean time per level.
                   A        B        C        D        E       F      G
               +--------+--------+--------+--------+--------+-----+--------+
         Total |    649 |    613 |     36 |      0 |    471 |   2 |  324.5 |
       Dungeon |    649 |    613 |     36 |      0 |    471 |   2 |  324.5 |
               +--------+--------+--------+--------+--------+-----+--------+

Top non-repeatable levels by time:
     D:1: 632 daAuts
     D:2: 17 daAuts
